Map: Nightscape LE

Players

Thisisboo - Winner!

  • Race: Zerg Zerg
  • League: Platinum
  • Spawn Location: 1:00

aRoNuS - Winner!

  • Race: Protoss Protoss
  • League: Diamond
  • Spawn Location: 1:00

Massa

  • Race: Terran Terran
  • League: Gold
  • Spawn Location: 7:00

qqq

  • Race: Protoss Protoss
  • League: Platinum
  • Spawn Location: 7:00

VOD

Have the link to the VOD?

Description

Time

  • Played on: Aug. 31, 2020, 4:28 p.m.
  • Length: 17:51
Show
View Real Time Build Order
Export as new Build Order

Thisisboo Zerg - Winner!

Build Orders: Hatch First 

Get SALT Encoding   

  12  0:08  Overlord  
  12  0:13  Drone  
  13  0:16  Drone  
  14  0:46  Drone  
  14  0:48  Hatchery  
  14  0:50  Drone  
  15  1:08  Spawning Pool  
  14  1:15  Drone  
  16  2:07  Queen  
  18  2:09  Zergling x6  
  18  2:12  Hatchery  
  18  2:13  Roach Warren  
  19  2:22  Extractor  
  18  2:24  Drone  
  18  2:25  Extractor  
  18  2:52  Drone x2  
  18  2:58  Drone  
  19  3:14  Drone  
  19  3:16  Drone  
  21  3:24  Overlord  
  21  3:25  Overlord  
  21  3:28  Queen  
  21  3:31  Drone  
  21  3:32  Drone x2  
  26  3:43  Drone  
  26  3:45  Roach  
  29  3:55  Roach  
  31  4:09  Drone  
  32  4:10  Drone  
  32  4:11  Drone  
  32  4:13  Drone  
  32  4:15  Drone x2  
  37  4:22  Ravager  
  37  4:23  Ravager, Overlord  
  39  4:24  Overlord  
  39  4:40  Drone  
  39  4:41  Drone x2  
  42  4:47  Hatchery  
  42  4:48  Lair  
  41  5:03  Drone x4  
  45  5:11  Roach x3  
  51  5:34  Drone  
  52  5:36  Overlord x3  
  52  5:39  Extractor  
  51  5:49  Drone  
  52  5:51  Overlord  
  52  5:54  Drone  
  52  5:55  Drone x2  
  52  5:57  Drone x3  
  56  6:03  Drone x6  
  64  6:04  Queen  
  52  6:19  Drone x3  
  55  6:27  Drone x2  
  55  6:28  Drone x4  
  61  6:33  Roach  
  61  6:34  Drone  
  61  6:35  Drone x2  
  61  6:36  Ravager x2  
  61  6:37  Ravager  
  69  6:45  Glial Reconstitution  
  69  6:46  Drone  
  72  6:47  Drone x2  
  72  6:59  Spire  
  71  7:02  Drone x2  
  71  7:03  Drone x4  
  77  7:12  Ravager  
  78  7:33  Hatchery, Drone x2  
  78  7:34  Drone x3, Extractor  
  78  7:35  Drone  
  78  7:36  Drone x2  
  84  7:39  Spore Crawler  
  83  7:45  Spore Crawler  
  83  7:47  Spore Crawler  
  78  7:57  Queen  
  74  8:12  Corruptor  
  74  8:13  Corruptor x6  
  74  8:14  Spore Crawler  
  74  8:15  Mutalisk  
  74  8:19  Overlord x4  
  89  8:26  Spore Crawler  
  88  8:29  Overlord  
  88  8:37  Queen  
  90  8:41  Mutalisk x3  
  90  8:43  Roach x5  
  106  8:57  Roach  
  106  8:58  Roach x4  
  116  9:04  Drone x3  
  116  9:05  Queen  
  116  9:06  Drone  
  116  9:07  Drone x2  
  116  9:08  Drone x2  
  116  9:09  Drone  
  127  9:10  Drone  
  127  9:16  Roach  
  127  9:17  Roach  
  132  9:18  Ravager  
  132  9:20  Roach  
  132  9:21  Overlord x2  
  132  9:22  Overlord x2  
  135  9:36  Evolution Chamber  
  135  9:38  Evolution Chamber  
  133  9:49  Drone x3  
  133  9:50  Drone  
  133  9:51  Roach x10  
  157  9:55  Extractor  
  157  9:58  Drone  
  157  9:59  Extractor  
  156  10:01  Drone x2  
  156  10:03  Drone  
  159  10:09  Zerg Missile Weapons Level 1, Zerg Ground Armor Level 1  
  159  10:11  Zerg Flyer Weapons Level 1  
  159  10:17  Corruptor  
  159  10:18  Corruptor  
  163  10:30  Drone x3  
  163  10:31  Extractor  
  163  10:32  Drone x2  
  163  10:34  Overlord x4  
  163  10:35  Overlord  
  167  10:51  Corruptor x2  
  167  10:52  Corruptor  
  167  10:53  Corruptor  
  167  10:55  Roach  
  167  10:56  Roach x4  
  155  11:25  Corruptor x3  
  153  11:26  Corruptor x2  
  153  11:29  Roach  
  153  11:30  Roach x5  
  173  11:58  Roach x2  
  173  11:59  Roach x2  
  181  12:01  Roach  
  181  12:02  Roach x2  
  181  12:04  Roach x3  
  181  12:05  Roach x3  
  181  12:06  Ravager  
  200  12:22  Infestation Pit  
  199  12:23  Zerg Ground Armor Level 2, Zerg Missile Weapons Level 2  
  199  12:25  Zerg Flyer Weapons Level 2  
  199  12:37  Ravager  
  200  13:10  Overseer  
  200  13:11  Overseer x3  
  200  13:14  Overseer x3  
  200  13:22  Pneumatized Carapace  
  200  13:27  Tunneling Claws  
  200  13:29  Hive  
  200  13:34  Burrow  
  200  13:50  Spore Crawler  
  199  13:58  Extractor  
  198  14:05  Overseer  
  198  14:10  Overlord x2  
  198  14:11  Overlord x2  
  198  14:14  Ravager  
  198  14:15  Ravager  
  200  14:59  Zerg Flyer Weapons Level 3  
  200  15:00  Zerg Ground Armor Level 3  
  200  15:01  Zerg Missile Weapons Level 3  
  200  15:09  Spire  
  195  15:46  Corruptor  
  195  15:47  Corruptor x5  
  193  16:14  Roach  
  193  16:15  Roach x2  
  179  16:29  Greater Spire  
  175  16:36  Roach x3  
  175  16:37  Roach x9  
  186  16:50  Roach  
  186  16:51  Roach x6  
  199  17:47  Ravager x3  
Show
View Real Time Build Order
Export as new Build Order

aRoNuS Protoss - Winner!

Build Orders: Carriers 

Get SALT Encoding   

  12  0:00  Probe  
  13  0:12  Probe  
  14  0:17  Pylon  
  14  0:24  Probe (Chrono Boost)  
  15  0:36  Probe (Chrono Boost)  
  15  0:37  Gateway  
  16  0:45  Probe (Chrono Boost)  
  16  0:47  Assimilator  
  17  0:51  Probe  
  18  1:03  Probe  
  19  1:16  Probe, Pylon  
  20  1:28  Cybernetics Core  
  20  1:29  Probe  
  21  1:40  Zealot (Chrono Boost)  
  21  1:44  Probe  
  23  1:56  Probe  
  24  2:04  Stalker  
  26  2:19  Nexus  
  26  2:24  Assimilator  
  26  2:27  Warp Gate  
  26  2:47  Probe (Chrono Boost)  
  27  2:59  Probe (Chrono Boost)  
  27  3:04  Stargate  
  28  3:07  Probe (Chrono Boost)  
  29  3:13  Probe  
  29  3:17  Pylon  
  30  3:26  Probe  
  31  3:29  Gateway  
  31  3:31  Robotics Facility  
  31  3:35  Gateway  
  31  3:38  Probe  
  32  3:50  Probe  
  32  3:54  Probe  
  34  4:02  Probe  
  35  4:07  Probe  
  35  4:09  Phoenix (Chrono Boost)  
  36  4:15  Probe (Chrono Boost)  
  39  4:19  Probe (Chrono Boost)  
  39  4:21  Assimilator  
  39  4:23  Assimilator  
  40  4:25  Phoenix (Chrono Boost)  
  40  4:30  Probe (Chrono Boost)  
  44  4:32  Probe (Chrono Boost)  
  44  4:38  Probe  
  44  4:39  Probe  
  44  4:42  Phoenix (Chrono Boost)  
  48  4:50  Probe  
  49  4:55  Probe  
  49  4:59  Protoss Air Weapons Level 1  
  50  5:00  Phoenix (Chrono Boost)  
  50  5:02  Sentry  
  54  5:08  Pylon  
  54  5:12  Pylon  
  54  5:25  Phoenix (Chrono Boost)  
  54  5:27  Pylon  
  56  5:32  Probe x2  
  58  5:44  Probe x2  
  58  5:45  Shield Battery  
  58  5:48  Phoenix (Chrono Boost)  
  60  5:50  Forge  
  62  5:58  Stargate  
  62  6:00  Fleet Beacon  
  62  6:03  Probe x2  
  64  6:04  Phoenix, Pylon  
  64  6:06  Pylon  
  66  6:15  Probe x2  
  68  6:30  Phoenix (Chrono Boost)  
  70  6:50  Phoenix (Chrono Boost)  
  70  6:52  Phoenix (Chrono Boost)  
  72  6:56  Protoss Shields Level 1  
  72  7:09  Phoenix  
  72  7:13  Photon Cannon  
  72  7:14  Phoenix  
  76  7:16  Photon Cannon  
  76  7:19  Nexus  
  76  7:22  Assimilator  
  76  7:23  Probe x2  
  76  7:26  Assimilator  
  76  7:27  Pylon  
  76  7:28  Gateway  
  76  7:29  Gateway  
  78  7:31  Gateway, Pylon  
  78  7:34  Phoenix  
  78  7:35  Anion Pulse-Crystals (Chrono Boost), Pylon  
  80  7:41  Phoenix  
  82  7:48  Probe x2  
  84  8:00  Probe x2  
  84  8:02  Phoenix (Chrono Boost)  
  76  8:17  Phoenix (Chrono Boost)  
  80  8:27  Photon Cannon  
  80  8:29  Phoenix (Chrono Boost)  
  80  8:31  Photon Cannon  
  80  8:33  Probe x3, Phoenix (Chrono Boost)  
  83  8:35  Photon Cannon  
  85  8:42  Twilight Council  
  85  8:49  Phoenix (Chrono Boost)  
  87  9:00  Stargate  
  87  9:01  Phoenix (Chrono Boost), Stargate  
  89  9:11  Phoenix (Chrono Boost)  
  91  9:22  Phoenix  
  93  9:29  Phoenix  
  95  9:33  Probe x2  
  95  9:34  Probe  
  95  9:35  Nexus  
  98  9:46  Protoss Shields Level 2  
  98  9:47  Phoenix  
  100  9:54  Carrier (Chrono Boost)  
  100  9:57  Probe  
  100  9:58  Probe x2  
  109  10:01  Pylon  
  109  10:03  Assimilator  
  109  10:10  Probe x3  
  88  10:27  Photon Cannon  
  88  10:29  Photon Cannon  
  106  10:36  Carrier x2 (Chrono Boost)  
  106  10:37  Zealot x3  
  106  10:38  Zealot x3  
  106  10:40  Carrier (Chrono Boost)  
  118  10:54  Carrier (Chrono Boost)  
  122  11:24  Carrier  
  122  11:25  Carrier  
  134  11:29  Assimilator  
  134  11:30  Probe x4  
  134  11:32  Pylon  
  138  11:35  Pylon  
  138  11:39  Carrier  
  144  11:47  Pylon  
  144  11:49  Pylon  
  144  11:51  Protoss Shields Level 3  
  144  11:52  Pylon  
  144  11:55  Pylon  
  144  12:00  Pylon  
  140  12:01  Probe  
  140  12:02  Probe x2  
  143  12:11  Photon Cannon x2  
  143  12:12  Photon Cannon  
  143  12:15  Photon Cannon  
  143  12:16  Templar Archives, Photon Cannon x2  
  143  12:19  Nexus  
  143  12:21  Protoss Air Weapons Level 2 (Chrono Boost)  
  143  12:30  Carrier  
  147  13:11  Robotics Facility  
  147  13:12  Carrier (Chrono Boost)  
  159  13:13  Carrier (Chrono Boost)  
  159  13:15  Gateway  
  159  13:17  Gateway  
  159  13:19  Gateway  
  159  13:20  Assimilator  
  159  13:22  Gateway  
  159  13:25  Assimilator  
  159  13:27  Pylon  
  159  13:31  Pylon  
  159  14:01  Charge, Carrier (Chrono Boost)  
  159  14:02  Carrier (Chrono Boost)  
  171  14:13  Carrier x2 (Chrono Boost)  
  183  14:17  High Templar x2  
  183  14:18  High Templar x2  
  183  14:21  Archon  
  183  14:22  Archon  
  191  14:32  Observer  
  190  14:40  Protoss Ground Weapons Level 1  
  190  14:49  Photon Cannon  
  190  14:50  Photon Cannon  
  190  14:52  Photon Cannon  
  190  14:53  Observer, Photon Cannon  
  190  14:55  Photon Cannon  
  190  14:59  Carrier  
  197  15:09  Protoss Air Weapons Level 3 (Chrono Boost)  
  197  15:14  Observer  
  136  15:36  Observer  
  136  15:41  Blink  
  137  15:45  Carrier x3  
  131  16:03  Carrier  
  119  16:12  High Templar x3  
  119  16:15  High Templar  
  119  16:16  Zealot  
  119  16:17  Zealot x5  
  138  16:19  Archon x2  
  150  16:57  Zealot x6  
  150  16:58  Zealot x4  
  170  17:29  Zealot x6  
  194  17:30  Zealot x3  
Show
View Real Time Build Order
Export as new Build Order

Massa Terran 

Build Orders: Gas First Reaper Expand 

Get SALT Encoding   

  12  0:00  SCV  
  13  0:13  SCV  
  14  0:18  Refinery  
  14  0:25  Supply Depot  
  14  0:29  SCV  
  15  0:47  SCV  
  16  0:55  Barracks  
  16  0:59  SCV  
  17  1:11  SCV  
  18  1:45  Reaper  
  18  1:46  Command Center  
  19  2:00  Factory  
  19  2:07  Orbital Command  
  19  2:16  Marine  
  20  2:41  Barracks  
  20  2:43  Supply Depot  
  20  2:50  Supply Depot  
  20  2:51  Hellion  
  22  2:52  Marine  
  22  2:58  SCV  
  24  3:10  SCV, Marine  
  26  3:14  Barracks  
  26  3:17  Orbital Command  
  26  3:34  Factory Reactor  
  26  3:41  SCV  
  27  3:43  Starport  
  27  3:48  Barracks Tech Lab  
  27  3:53  Barracks Reactor, SCV  
  28  4:00  Engineering Bay  
  28  4:02  Refinery  
  28  4:05  SCV  
  28  4:09  Barracks Reactor  
  29  4:11  Stimpack  
  29  4:12  Marauder  
  31  4:17  SCV, Hellion  
  31  4:18  Hellion  
  36  4:30  Refinery  
  36  4:34  Viking  
  36  4:37  Marine x3  
  41  4:39  SCV x2  
  41  4:45  Hellion  
  45  4:49  Hellion  
  47  4:54  Marine  
  47  4:55  Marine  
  47  4:58  Marauder, Marine  
  52  5:04  Medivac  
  54  5:26  Marine  
  54  5:30  Supply Depot  
  54  5:50  Supply Depot  
  54  5:52  Marauder, Marine x3, Supply Depot  
  54  5:53  Terran Infantry Weapons Level 1  
  54  5:56  Armory  
  59  6:14  Marauder  
  61  6:24  Marine x4  
  57  6:33  Combat Shield  
  57  6:35  Marauder  
  57  6:37  Medivac  
  59  6:40  Widow Mine  
  59  6:41  Widow Mine, Marine  
  59  6:42  Marine x2  
  66  6:56  Marauder  
  66  6:57  SCV x2  
  70  7:02  Hellion x2  
  74  7:09  SCV  
  75  7:17  SCV  
  75  7:18  Marauder  
  78  7:29  Supply Depot  
  78  7:31  Supply Depot  
  78  7:34  Missile Turret  
  78  7:36  Missile Turret  
  78  7:37  Terran Vehicle Weapons Level 1  
  78  7:41  Missile Turret  
  78  7:43  Missile Turret  
  78  7:47  Terran Infantry Armor Level 1  
  80  7:51  SCV x2, Hellion x2, Marauder  
  80  7:52  Concussive Shells  
  80  7:53  Marine  
  80  7:54  Marine  
  90  8:13  Hellion x2, Marauder  
  94  8:24  Supply Depot  
  94  8:27  Supply Depot  
  94  8:28  Supply Depot  
  94  8:31  Supply Depot  
  94  8:33  Supply Depot  
  94  8:46  Widow Mine, SCV x2, Marauder, Medivac  
  102  8:49  Widow Mine  
  104  8:58  SCV x2  
  104  9:02  Marine x4  
  110  9:08  Widow Mine, Marauder  
  114  9:10  SCV  
  114  9:16  Viking  
  117  9:20  Marine x3  
  114  9:29  Marauder  
  112  9:31  Terran Vehicle And Ship Armor Level 1  
  112  9:39  SCV x2  
  112  9:40  Terran Infantry Weapons Level 2  
  112  9:42  Command Center  
  114  9:46  Viking  
  114  9:51  SCV x2  
  118  9:57  Missile Turret  
  118  10:00  Widow Mine x2  
  118  10:03  SCV x2  
  124  10:09  Factory  
  124  10:18  Missile Turret  
  124  10:21  Widow Mine  
  124  10:22  Widow Mine  
  128  10:38  Marauder, Marine  
  128  10:39  Marine x3  
  134  10:46  Engineering Bay  
  134  10:56  Marine  
  134  10:57  Marine x3  
  135  10:59  Marauder  
  99  11:14  Marine x4  
  89  11:20  Marauder  
  91  11:30  Orbital Command  
  91  11:32  Marine x4  
  94  11:36  Barracks  
  94  11:38  SCV x2  
  94  11:39  Barracks  
  97  11:41  Barracks  
  97  11:42  Marauder  
  97  11:43  Factory Tech Lab  
  103  11:47  Widow Mine x2  
  103  11:49  Marine  
  103  11:50  SCV x2, Marine x3  
  103  11:51  Medivac  
  111  12:02  SCV x2  
  111  12:03  Marauder  
  111  12:07  Marine  
  111  12:08  Widow Mine, Marine, Thor  
  125  12:11  Widow Mine  
  125  12:14  SCV  
  128  12:20  Medivac  
  130  12:25  Marauder  
  130  12:27  Command Center  
  134  12:30  Widow Mine  
  134  12:46  Marauder  
  134  12:51  Thor  
  142  12:55  Command Center  
  142  13:08  Barracks Reactor, Barracks Tech Lab  
  142  13:09  Barracks Reactor  
  142  13:17  Factory  
  142  13:21  Factory  
  142  13:26  Terran Vehicle And Ship Armor Level 2  
  142  13:28  Terran Infantry Armor Level 2  
  142  13:29  Terran Infantry Weapons Level 3  
  142  13:34  Thor  
  148  13:51  Missile Turret  
  148  13:52  Missile Turret  
  148  14:03  Factory Tech Lab  
  148  14:05  Factory Tech Lab  
  148  14:14  Missile Turret x2  
  148  14:16  Thor  
  154  14:19  Barracks  
  154  14:22  Refinery, Factory Tech Lab  
  154  14:33  Refinery  
  154  14:35  Refinery  
  154  14:41  Orbital Command  
  154  14:44  Refinery  
  154  14:46  Refinery  
  154  14:49  Supply Depot  
  150  14:53  Supply Depot  
  150  14:59  Thor  
  152  15:00  Thor  
  152  15:01  Thor  
  164  15:13  Supply Depot  
  164  15:16  Supply Depot  
  162  15:21  Thor  
  155  15:34  Thor  
  122  15:36  Supply Depot  
  122  15:40  Supply Depot  
  86  15:44  Marine  
  86  15:45  Marauder x2, Marine x6  
  86  15:46  Marine x2  
  99  15:59  Supply Depot  
  99  16:02  Marine x2  
  99  16:04  Supply Depot  
  101  16:06  Marauder x2  
  105  16:13  Orbital Command  
  105  16:22  Supply Depot  
  105  16:23  Marine  
  105  16:24  Marine x8  
  99  16:27  Marauder  
  99  16:28  Marauder, Supply Depot  
  89  16:35  Thor  
  87  16:41  Marine  
  87  16:42  Marine x6  
  87  16:45  Supply Depot  
  86  16:49  Marauder x2  
  86  16:51  Supply Depot  
  77  16:59  Widow Mine  
  77  17:00  Marine x4  
  81  17:01  Siege Tank  
  81  17:03  Marine x2  
  81  17:07  Medivac  
  82  17:08  Supply Depot  
  82  17:14  Supply Depot  
  78  17:17  Marine x3  
  78  17:18  Marine  
  78  17:21  Widow Mine, Marine x2  
Show
View Real Time Build Order
Export as new Build Order

qqq Protoss 

Build Orders:  

Get SALT Encoding   

  12  0:01  Probe  
  13  0:19  Probe  
  14  0:23  Pylon  
  14  0:32  Probe  
  15  0:42  Forge  
  15  0:44  Probe  
  16  0:56  Probe  
  17  1:03  Pylon  
  17  1:06  Pylon  
  17  1:08  Probe  
  18  1:20  Probe  
  18  1:21  Pylon  
  19  1:31  Photon Cannon  
  19  1:32  Probe  
  18  2:08  Nexus  
  18  2:15  Photon Cannon  
  18  2:16  Probe  
  18  2:20  Gateway  
  19  2:28  Probe  
  20  2:32  Assimilator  
  20  2:37  Assimilator  
  20  2:40  Probe  
  21  2:45  Pylon  
  20  3:07  Probe  
  21  3:19  Probe  
  22  3:23  Cybernetics Core  
  22  3:29  Probe (Chrono Boost)  
  22  3:34  Probe (Chrono Boost)  
  25  3:41  Probe (Chrono Boost)  
  25  3:47  Probe (Chrono Boost)  
  25  3:48  Probe (Chrono Boost)  
  27  3:50  Pylon  
  28  3:55  Probe x2  
  29  4:07  Probe x2, Stargate  
  31  4:10  Stargate  
  31  4:11  Assimilator  
  31  4:16  Assimilator  
  31  4:19  Probe x2  
  33  4:32  Probe x2  
  35  4:44  Probe (Chrono Boost)  
  37  4:45  Probe (Chrono Boost)  
  37  4:54  Phoenix x2  
  37  4:56  Probe (Chrono Boost)  
  37  4:57  Protoss Air Weapons Level 1 (Chrono Boost)  
  43  5:01  Probe (Chrono Boost)  
  43  5:03  Probe (Chrono Boost)  
  44  5:08  Probe  
  44  5:10  Probe  
  46  5:17  Pylon  
  46  5:23  Pylon  
  46  5:35  Probe, Phoenix x2  
  51  5:38  Pylon  
  51  5:42  Pylon  
  51  5:47  Probe  
  52  5:59  Probe  
  52  6:01  Phoenix  
  52  6:02  Phoenix  
  57  6:10  Fleet Beacon  
  57  6:26  Phoenix  
  57  6:27  Phoenix  
  61  6:45  Stargate x2  
  58  6:51  Probe, Phoenix  
  61  6:55  Phoenix  
  63  7:04  Probe  
  64  7:16  Probe  
  65  7:26  Anion Pulse-Crystals  
  65  7:28  Probe, Phoenix  
  70  7:30  Phoenix  
  70  7:32  Nexus  
  70  7:35  Pylon  
  70  7:36  Pylon  
  72  7:40  Pylon  
  70  7:51  Protoss Air Armor Level 1 (Chrono Boost)  
  70  7:56  Nexus  
  70  7:59  Pylon  
  70  8:01  Pylon  
  60  8:07  Phoenix x3  
  58  8:20  Photon Cannon  
  58  8:22  Photon Cannon  
  58  8:25  Photon Cannon  
  58  8:27  Phoenix  
  60  8:35  Photon Cannon  
  60  8:37  Phoenix  
  60  8:40  Photon Cannon  
  62  8:42  Photon Cannon  
  62  8:45  Photon Cannon, Phoenix  
  64  8:49  Phoenix  
  66  8:57  Phoenix  
  66  9:02  Phoenix  
  70  9:13  Probe  
  70  9:14  Probe  
  72  9:25  Probe  
  72  9:27  Probe  
  72  9:29  Phoenix  
  76  9:37  Probe  
  77  9:39  Probe  
  77  9:41  Mothership (Chrono Boost)  
  86  9:49  Probe  
  86  9:50  Assimilator  
  86  9:51  Probe  
  88  9:56  Assimilator  
  88  9:59  Phoenix  
  90  10:01  Probe  
  90  10:03  Probe  
  91  10:13  Probe  
  84  10:15  Probe  
  85  10:25  Probe  
  85  10:26  Phoenix x3  
  85  10:27  Probe  
  91  10:32  Phoenix  
  93  10:42  Probe (Chrono Boost)  
  95  10:44  Probe (Chrono Boost)  
  95  10:50  Assimilator  
  95  10:52  Probe (Chrono Boost)  
  95  10:53  Probe (Chrono Boost)  
  95  10:54  Assimilator  
  95  10:56  Photon Cannon  
  97  10:59  Phoenix x3  
  97  11:02  Probe  
  100  11:25  Phoenix x4  
  108  11:28  Probe  
  109  11:33  Probe  
  110  11:40  Probe  
  110  11:42  Nexus  
  110  11:44  Pylon  
  110  11:45  Probe  
  112  11:48  Pylon  
  112  11:50  Pylon  
  112  11:52  Probe, Pylon  
  113  11:56  Protoss Air Weapons Level 2 (Chrono Boost)  
  113  11:57  Probe  
  110  12:02  Carrier x2  
  110  12:04  Probe  
  110  12:05  Tempest  
  128  12:09  Probe  
  128  12:12  Photon Cannon  
  128  12:15  Photon Cannon  
  129  12:16  Tempest  
  129  12:17  Shield Battery  
  129  12:21  Probe  
  133  12:48  Tempest  
  130  12:59  Tempest  
  135  13:06  Tempest x2  
  135  13:11  Probe x2  
  147  13:14  Probe  
  147  13:17  Photon Cannon  
  147  13:19  Photon Cannon  
  148  13:22  Photon Cannon  
  148  13:23  Probe x2  
  148  13:26  Photon Cannon  
  148  13:27  Probe  
  151  13:28  Photon Cannon  
  151  13:29  Assimilator  
  151  13:30  Tempest  
  151  13:33  Assimilator  
  156  13:35  Probe x2  
  156  13:39  Probe  
  159  13:42  Tempest  
  159  13:43  Void Ray  
  159  13:47  Probe x2  
  166  13:49  Tempest  
  166  13:51  Probe  
  166  13:54  Stalker  
  179  14:03  Probe x2  
  179  14:06  Robotics Facility  
  179  14:07  Pylon  
  180  14:18  Probe  
  180  14:21  Probe  
  180  14:22  Pylon  
  180  14:23  Protoss Air Armor Level 2  
  182  14:24  Pylon, Stalker  
  182  14:25  Tempest x2  
  182  14:28  Pylon  
  194  14:33  Probe, Pylon  
  195  14:45  Probe  
  196  14:57  Probe  
  196  14:59  Observer  
  88  16:12  Tempest x3  
  88  16:13  Tempest  
  93  16:29  Observer  
  92  16:36  Probe  
  90  16:45  Stargate  
  90  16:46  Stargate  
  83  16:48  Probe, Stargate  
  83  16:52  Stargate  
  70  16:55  Tempest x2 (Chrono Boost)  
  70  16:56  Tempest x2 (Chrono Boost)  
  70  17:00  Probe  
  91  17:13  Probe  
  76  17:25  Probe  
  89  17:39  Photon Cannon  
  89  17:41  Pylon  
  74  17:46  Photon Cannon  
  74  17:47  Photon Cannon  
Tags
 
Add a new tag
Caveats
  • Supply blocks, unpowered buildings, or Contaminate may cause inaccurate times.
  • Supply counts are checked every 10 seconds.